 Dungeon Crawl Stone Soup version 0.28.0-53-g5a82cb258f (webtiles) character file.

Game seed: 6543432305496637285

31119 Plasmagod the Fighter (level 13, -5/107 HPs)
             Began as a Minotaur Fighter on July 20, 2022.
             Was a High Priest of Hepliaklqana.
             Killed from afar by a balrug (53 damage)
             ... with a fireball
             ... on level 2 of the Abyss.
             The game lasted 00:41:07 (15130 turns).

Plasmagod the Fighter (Minotaur Fighter)           Turns: 15130, Time: 00:41:08

Health: -5/107     AC: 24    Str: 24    XL:     13   Next: 24%
Magic:  19/19      EV:  8    Int:  5    God:    Hepliaklqana [*****.]
Gold:   1003       SH: 11    Dex: 14    Spells: 12/12 levels left

rFire   . . .      SeeInvis +   z - +6 flail of the Hero {vorpal, rC++ rN++ Dex+2}
rCold   + + .      Faith    .   I - +0 kite shield
rNeg    + + .      Spirit   .   B - +0 plate armour
rPois   .          Reflect  .   (helmet restricted)
rElec   .          Harm     .   u - +1 cloak
rCorr   .          Rampage  .   l - +1 pair of gloves
Will    .....                   H - +2 pair of boots
Stlth   ..........              (no amulet)
HPRegen 0.27/turn               m - +4 ring of slaying
MPRegen 0.16/turn               G - ring of see invisible

@: studying Fighting
A: reduced essence, horns 2, retaliatory headbutt
a: Renounce Religion, Recall Ancestor, Ancestor Identity, Transference, Idealise


You were on level 2 of the Abyss.
You worshipped Hepliaklqana.
Hepliaklqana was extremely pleased with you.
You visited 1 branch of the dungeon, and saw 14 of its levels.
You visited the Abyss 1 time.
You also visited: Bailey.

You collected 1003 gold pieces.

Inventory:

Hand Weapons
 a - a +1 war axe of draining
 o - the +9 hand axe "Fiunuih" {drain, Dex+2}
   (You found it on level 2 of the Dungeon)

   A truly terrible weapon, it drains the life of any living foe it strikes.
   Dex:       It affects your dexterity (+2).
 z - the +6 flail of the Hero (weapon) {vorpal, rC++ rN++ Dex+2}
   (You took it off a spriggan in a bailey)

   It inflicts extra damage upon your enemies.
   Dex:       It affects your dexterity (+2).
   rC:        It greatly protects you from cold.
   rN:        It greatly protects you from negative energy.
 N - the +8 trident of the Octopus King {venom, rElec rPois}
   (You found it on level 12 of the Dungeon)

   It poisons the flesh of those it strikes.
   rElec:     It insulates you from electricity.
   rPois:     It protects you from poison.
Armour
 l - a +1 pair of gloves (worn)
 q - a +2 scale mail of cold resistance
 u - a +1 cloak (worn)
 B - a +0 plate armour (worn)
 H - a +2 pair of boots (worn)
 I - a +0 kite shield (worn)
Jewellery
 b - a ring of wizardry
 g - a ring of willpower
 m - a +4 ring of slaying (left hand)
 s - a ring of poison resistance
 G - a ring of see invisible (right hand)
 K - a ring of flight
 P - a ring of ice
 R - a ring of protection from fire
Wands
 c - a wand of digging (6)
 v - a wand of polymorph (7)
 C - a wand of paralysis (11)
 E - a wand of charming (11)
 F - a wand of acid (2)
 M - a wand of iceblast (8)
Scrolls
 e - 3 scrolls of identify
 f - 3 scrolls of noise
 h - 2 scrolls of enchant weapon
 i - a scroll of enchant armour
 j - a scroll of fear
 t - 5 scrolls of teleportation
 y - 3 scrolls of fog
 J - a scroll of torment {unknown}
 Q - a scroll of holy word
 T - a scroll of acquirement
Potions
 d - 2 potions of might
 k - 4 potions of curing
 n - 4 potions of heal wounds
 p - 2 potions of mutation
 r - 3 potions of magic
 w - a potion of ambrosia {unknown}
 x - 2 potions of cancellation {unknown}
 A - 2 potions of brilliance {unknown}
 D - 3 potions of flight {unknown}
 L - 2 potions of lignification {unknown}
 O - a potion of invisibility {unknown}
 S - a potion of haste {unknown}


   Skills:
 + Level 12.9 Fighting
 + Level 12.1(13.4) Axes
 + Level 9.4(12.1) Maces & Flails
 + Level 1.9(8.0) Polearms
 + Level 12.9 Armour
 + Level 4.4 Dodging
 + Level 3.9 Stealth
 + Level 8.7 Shields
 * Level 9.9 Invocations


You had 12 spell levels left.
You didn't know any spells.
Your spell library contained the following spells:

 Spells                   Type           Power      Damage    Failure   Level
 Beastly Appendage        Tmut           0%         N/A       100%        1
 Sting                    Tmut/Pois      0%         1d3       100%        1
 Blink                    Tloc           0%         N/A       100%        2
 Ensorcelled Hibernation  Hex/Ice        0%         N/A       100%        2
 Poisonous Vapours        Pois/Air       0%         N/A       100%        2
 Sublimation of Blood     Necr           0%         N/A       100%        2
 Wereblood                Tmut           0%         N/A       100%        2
 Lesser Beckoning         Tloc           0%         N/A       100%        3
 Spider Form              Tmut/Pois      0%         N/A       100%        3
 Anguish                  Hex/Necr       0%         N/A       100%        4
 Olgreb's Toxic Radiance  Pois           0%         N/A       100%        4
 Manifold Assault         Tloc           0%         N/A       100%        5
 Summon Hydra             Summ           0%         N/A       100%        7


Dungeon Overview and Level Annotations

Branches:
Dungeon (14/15)            Temple (0/1) D:4            Lair (0/6) D:10
    Orc (0/2) D:12         Bailey (visited)
 Vaults: D:13-14

Altars:
Cheibriados
Hepliaklqana
Nemelex Xobeh
Ru
Beogh

Shops:
D:6 *   D:7 :   D:8 *


Innate Abilities, Weirdness & Mutations

Your life essence is reduced to manifest your ancestor. (-10% HP)
You have a pair of horns on your head.
You reflexively headbutt those who attack you in melee.


Message History

A starcursed mass splits.
The raiju bursts into living lightning!
The living lightning misses you.
The raiju blinks! x2
Prince Plasmagun hits the raiju with a +0 quarterstaff!
A starcursed mass splits.
The raiju bursts into living lightning!
The living lightning hits you but does no damage.
The raiju blinks!
The starcursed mass shrieks in your mind.
You hit the chaos spawn but do no damage.
You headbutt the chaos spawn.
The chaos spawn is lightly wounded.
The raiju bursts into living lightning!
The living lightning misses you.
The raiju blinks! x2
The chaos spawn closely misses you.
Prince Plasmagun hits the chaos spawn with a +0 quarterstaff!
You catch the helpless chaos spawn completely off-guard!
You hit the chaos spawn.
The chaos spawn is severely wounded.
The raiju bites you. The raiju shocks you! The chaos spawn barely misses you.
You furiously retaliate!
You headbutt the chaos spawn.
Prince Plasmagun hits the chaos spawn with a +0 quarterstaff!!
The chaos spawn dies!
The chaos spawn degenerates into a cloud of primal chaos!
You thump the raiju! You headbutt the raiju!
You kill the raiju!
That felt strangely unrewarding.
A tentacle flies out from the starspawn's body!
A starspawn tentacle comes into view.
A chorus of shrieks assaults your mind.
A starspawn tentacle comes into view.
A starcursed mass splits.
A starcursed mass splits.
A chorus of shrieks assaults your mind. A chorus of shrieks assaults your mind.
A starcursed mass splits.
The balrug shouts!
The balrug gestures at you.
The fireball explodes!
The fireball engulfs you!!!
You die...

.# #...# ...# ..
## ##.## ##.## #.#
.##
X..###...###...
..#
X...#.....#...#
..X....X..........
..#.....#X....#...
###...###.R2## ##
##.## ##.## .
#...# #.@.# . #..
..#.....# .
..............
.#.....#.....#...#
...###...###..#
#.# ##.## #.. ..
... .. ...


You could see the friendly Prince Plasmagun the battlemage, a starcursed mass
and a balrug.

Vanquished Creatures
  A very ugly thing (Abyss:2)
  3 hydras
  A boulder beetle (D:11)
  6 two-headed ogres
  A centaur warrior (D:8)
  2 tengu warriors (D:13)
  2 skeletal warriors
  6 ugly things
  An oklob plant (D:10)
  A manticore (D:12)
  4 cyclopes
  An unseen horror (D:12)
  A tengu conjurer (D:12)
  2 trolls (D:12)
  Grinder (D:6)
  A slime creature (D:12)
  A raiju (Abyss:2)
  A centaur simulacrum (D:14)
  3 wraiths
  A vampire (D:12)
  A steam dragon (Bailey)
  A yak (D:5)
  A basilisk (D:12)
  Grum (D:11)
  4 vampire mosquitoes (D:13)
  2 water moccasins
  2 sky beasts
  10 orc warriors
  2 ice beasts
  5 ogres
  2 necrophages
  2 wolves (D:11)
  3 centaurs
  A kobold brigand (D:4)
  2 bullfrogs
  A scorpion (D:4)
  A gnoll sergeant (D:12)
  A wyvern zombie (D:8)
  A wyvern skeleton (D:6)
  10 killer bees
  7 wights (D:8)
  An electric eel (D:9)
  3 howler monkeys
  2 bullfrog zombies (D:6)
  2 centaur zombies
  2 bullfrog skeletons (D:6)
  6 orc priests
  3 iguanas
  Terence (D:2)
  7 orc wizards
  A killer bee zombie (D:8)
  A hound skeleton (D:5)
  2 howler monkey skeletons (D:7)
  13 gnolls
  6 adders
  2 white imps
  An ufetubus (D:6)
  3 worms
  A dart slug (D:3)
  29 orcs
  4 endoplasms
  A giant cockroach (D:2)
  3 goblins
  7 hobgoblins
  4 jackals (D:1)
  4 quokkas
  6 ball pythons
  4 bats
  A frilled lizard (D:2)
  5 kobolds
  7 rats
232 creatures vanquished.

Vanquished Creatures (collateral kills)
  4 boulder beetles
  2 hydras
  2 two-headed ogres
  A death knight (D:11)
  A centaur warrior (D:13)
  2 skeletal warriors
  A spatial maelstrom (Abyss:2)
  A gargoyle (D:13)
  A tarantella (shapeshifter) (Abyss:2)
  5 spriggans (Bailey)
  2 yaks (D:5)
  A chaos spawn (Abyss:2)
  3 vampire mosquitoes
  An orc warrior (D:12)
  3 black bears
  3 ogres
  A kobold brigand (D:5)
  A bullfrog (D:8)
  A gnoll sergeant (D:10)
  A wyvern zombie (D:6)
  A wyvern skeleton (D:7)
  3 killer bees
  A wight (D:8)
  A howler monkey (D:6)
  A jelly (D:8)
  A gnoll shaman (D:7)
  An orc wizard (D:8)
  An adder (D:5)
  A gnoll (D:7)
  A white imp (D:6)
  An ufetubus (D:5)
  A worm (D:2)
  8 orcs
  2 goblins (D:7)
  A quokka skeleton (D:4)
  A rat (D:2)
63 creatures vanquished.

Vanquished Creatures (others)
  5 battlemagi
  4 starspawn tentacles (Abyss:2)
9 creatures vanquished.

Grand Total: 304 creatures vanquished

Notes
Turn   | Place    | Note
-------+----------+-------------------------------------------
     0 | D:1      | Plasmagod the Minotaur Fighter began the quest for the Orb.
     0 | D:1      | Reached XP level 1. HP: 19/19 MP: 0/0
   248 | D:1      | Reached XP level 2. HP: 26/27 MP: 1/1
   602 | D:1      | Found a faded altar of an unknown god.
   609 | D:1      | Prayed at the altar of an unknown god.
   609 | D:1      | Became a worshipper of Hepliaklqana the Forgotten
   609 | D:1      | Reached * piety under Hepliaklqana
   896 | D:2      | Found a snail-covered altar of Cheibriados.
   902 | D:2      | Reached XP level 3. HP: 29/29 MP: 2/2
  1320 | D:2      | Noticed Terence
  1333 | D:2      | Killed Terence
  1334 | D:2      | Reached XP level 4. HP: 29/36 MP: 3/3
  1443 | D:2      | Identified the +9 hand axe "Fiunuih" {drain, Dex+2}
  2133 | D:3      | Reached ** piety under Hepliaklqana
  2134 | D:3      | Remembered your ancestor Prince Plasmagun as a battlemage
  2495 | D:4      | Noticed a scorpion
  2501 | D:4      | Killed a scorpion
  2502 | D:4      | Reached skill level 5 in Armour
  2502 | D:4      | Reached XP level 5. HP: 42/42 MP: 4/4
  2714 | D:4      | Found a sacrificial altar of Ru.
  2812 | D:4      | Reached XP level 6. HP: 26/47 MP: 5/5
  3014 | D:4      | Found a staircase to the Ecumenical Temple.
  3112 | D:5      | Entered Level 5 of the Dungeon
  3117 | D:5      | Reached skill level 5 in Axes
  3117 | D:5      | Reached skill level 1 in Invocations
  3167 | D:5      | Noticed an ice beast
  3172 | D:5      | Killed an ice beast
  3204 | D:5      | Reached skill level 1 in Dodging
  3331 | D:5      | Reached skill level 5 in Fighting
  3331 | D:5      | Reached XP level 7. HP: 54/54 MP: 7/7
  3467 | D:5      | Noticed a yak
  3469 | D:5      | Noticed a yak
  3471 | D:5      | Killed a yak
  3472 | D:5      | Reached skill level 1 in Stealth
  3473 | D:5      | Noticed a yak
  3476 | D:5      | Killed a yak
  3477 | D:5      | Killed a yak
  3478 | D:5      | Reached XP level 8. HP: 54/62 MP: 7/9
  4038 | D:6      | Reached *** piety under Hepliaklqana
  4095 | D:6      | Noticed Grinder
  4098 | D:6      | Paralysed by Grinder for 7 turns
  4107 | D:6      | Killed Grinder
  4358 | D:6      | Reached XP level 9. HP: 53/67 MP: 11/11
  4457 | D:6      | Found Byda's Assorted Antiques.
  4704 | D:7      | Reached skill level 5 in Shields
  4707 | D:7      | Found Jaomosia's Book Shop.
  4778 | D:7      | Found a flagged portal.
  4787 | Bailey   | Entered a bailey
  4875 | Bailey   | Reached skill level 5 in Invocations
  4895 | Bailey   | Identified the +6 flail of the Hero {vorpal, rC++ rN++
                  | Dex+2}
  5045 | Bailey   | Noticed a two-headed ogre
  5052 | Bailey   | Killed a two-headed ogre
  5122 | Bailey   | Reached XP level 10. HP: 65/77 MP: 13/13
  5532 | D:7      | Reached skill level 10 in Axes
  5843 | D:8      | Noticed a two-headed ogre
  5848 | D:8      | Killed a two-headed ogre
  5922 | D:8      | Noticed a seven-headed hydra
  5936 | D:8      | Killed a seven-headed hydra
  6159 | D:8      | Reached skill level 10 in Armour
  6215 | D:8      | Found Azxatteg's Gadget Gallery.
  6263 | D:8      | Identified the +5 rapier "Zowoy" {vorpal, rN+}
  6441 | D:8      | Noticed a skeletal warrior
  6444 | D:8      | Noticed a centaur warrior
  6453 | D:8      | Killed a skeletal warrior
  6454 | D:8      | Reached skill level 1 in Maces & Flails
  6457 | D:8      | Killed a centaur warrior
  6710 | D:8      | Reached XP level 11. HP: 66/85 MP: 15/15
  7160 | D:9      | Identified a scroll of acquirement
  7160 | D:9      | Acquired a manual of Fighting
  7200 | D:9      | Reached **** piety under Hepliaklqana
  8109 | D:10     | Entered Level 10 of the Dungeon
  8109 | D:10     | Noticed a two-headed ogre
  8436 | D:10     | Killed a two-headed ogre
  8823 | D:10     | Noticed an oklob plant
  9065 | D:10     | Noticed a two-headed ogre
  9070 | D:10     | Killed a two-headed ogre
  9232 | D:10     | Found a staircase to the Lair.
  9242 | D:10     | Killed an oklob plant
  9243 | D:10     | Reached skill level 5 in Maces & Flails
  9743 | D:11     | Noticed a skeletal warrior
  9756 | D:11     | Killed a skeletal warrior
 10058 | D:11     | Reached ***** piety under Hepliaklqana
 10060 | D:11     | You fall into a shaft and drop 1 floor!
 10083 | D:12     | Reached skill level 10 in Fighting
 10429 | D:11     | Noticed a two-headed ogre
 10432 | D:11     | Killed a two-headed ogre
 10442 | D:11     | Noticed a boulder beetle
 10454 | D:11     | Killed a boulder beetle
 10525 | D:11     | Noticed a two-headed ogre
 10537 | D:11     | Killed a two-headed ogre
 10601 | D:11     | Noticed Grum
 10611 | D:11     | Killed Grum
 10652 | D:11     | Noticed a boulder beetle
 10652 | D:11     | Noticed a five-headed hydra
 10665 | D:11     | Killed a five-headed hydra
 10666 | D:11     | Reached XP level 12. HP: 92/97 MP: 17/17
 10678 | D:11     | Killed a boulder beetle
 10765 | D:11     | Noticed a death knight
 10777 | D:11     | Killed a death knight
 10993 | D:11     | Noticed a six-headed hydra
 11000 | D:11     | Killed a six-headed hydra
 11634 | D:12     | Noticed a five-headed hydra
 11637 | D:12     | Noticed a five-headed hydra
 11643 | D:12     | Killed a five-headed hydra
 11650 | D:12     | Killed a five-headed hydra
 11912 | D:12     | Found the +8 trident of the Octopus King {venom, rElec
                  | rPois}
 12018 | D:12     | Identified the +9 falchion of Aneerphyn {drain, *Slow rElec
                  | rPois Str+3}
 12309 | D:12     | Found a staircase to the Orcish Mines.
 12858 | D:12     | Noticed a boulder beetle
 12872 | D:12     | Killed a boulder beetle
 13061 | D:12     | Noticed a two-headed ogre
 13066 | D:12     | Killed a two-headed ogre
 13238 | D:12     | Found a sparkling altar of Nemelex Xobeh.
 13562 | D:13     | Noticed a tengu warrior
 13563 | D:13     | Noticed a tengu warrior
 13567 | D:13     | Noticed a two-headed ogre
 13574 | D:13     | Killed a tengu warrior
 13577 | D:13     | Killed a two-headed ogre
 13581 | D:13     | Killed a tengu warrior
 13596 | D:13     | Reached XP level 13. HP: 26/107 MP: 17/19
 14770 | D:14     | Reached skill level 1 in Polearms
 14993 | D:14     | Cast into level 2 of the Abyss (a wizard)
 15070 | Abyss:2  | Noticed a cyan very ugly thing
 15076 | Abyss:2  | Killed a cyan very ugly thing
 15091 | Abyss:2  | Noticed a tentacled starspawn
 15093 | Abyss:2  | Noticed a starcursed mass
 15126 | Abyss:2  | Noticed a balrug
 15130 | Abyss:2  | Killed from afar by a balrug

Illustrated notes

Levels and vault maps discovered:
D:1:      dpeg_arrival_snail, layout_rooms,
          hellmonk_ecumenical_altar_leap_of_faith, serial_curves,
          eino_curves_04, eino_curves_01
D:2:      layout_basic, basic_altar, uniq_terence
D:3:      layout_basic, grunt_ministairs_14
D:4:      layout_rooms, nicolae_ru_awakened_eye,
          minmay_temple_entry_enclosed_plants, minmay_small_thing
D:5:      layout_rooms, minmay_misc_feat_more_columns
D:6:      layout_rooms, serial_shops, shop, uniq_grinder
D:7:      layout_rooms, enter_bailey_4, serial_shops, nicolae_diamond_shop,
          minmay_diced_spiral
D:8:      nzn_winding_woodlands_medium [nzn_winding_woodlands_hourglass,
          nzn_winding_woodlands_5x15_longhouse,
          nzn_winding_woodlands_5x5_perimeter,
          nzn_winding_woodlands_5x5_open_star,
          nzn_winding_woodlands_center_diamonds,
          nzn_winding_woodlands_5x5_closed_star,
          nzn_winding_woodlands_5x5_three, nzn_winding_woodlands_5x15_zeroes,
          nzn_winding_woodlands_5x5_default], layout_rooms, nicolae_shop_gadgets
D:9:      layout_basic, minmay_crystal_water
D:10:     layout_layer_cave, dpeg_oklobed_lair
D:11:     layout_loops_ring, uniq_grum
D:12:     minmay_inside_and_out, layout_loops_ring, david_orc_5,
          nemelex_spade_bored_becter
D:13:     layout_irregular_city
D:14:     layout_irregular_city, david_vaults_5, nicolae_twisting_strands,
          minmay_misc_feat_x
Abyss:2:  base: Temple, hangedman_steaming_rock, evilmike_abyss_exit_mutagenic

Skill      XL: |  1  2  3  4  5  6  7  8  9 10 11 12 13 |
---------------+----------------------------------------+-----
Armour         | 4 5 6 8 9 10 11 12 | 12.9
Fighting       | 4 5 6 7 8 10 12 | 12.9
Shields        | 4 5 6 7 8 |  8.7
Axes           | 3 4 5 7 8 9 10 11 12 | 12.1
Invocations    | 1 3 4 5 6 8 9 |  9.9
Dodging        | 1 2 3 4 |  4.4
Stealth        | 1 2 3 |  3.9
Maces & Flails | 1 6 8 9 |  9.4
Polearms       | 1 |  1.9

Action                   |  1- 3 |  4- 6 |  7- 9 | 10-12 | 13-15 || total
-------------------------+-------+-------+-------+-------+-------++-------
Melee: War axe           |    67 |     6 |       |       |       ||    73
       Headbutt          |     7 |     4 |    20 |    86 |    22 ||   139
       Hand axe          |       |    46 |    73 |   160 |       ||   279
       Flail             |       |       |       |   231 |    36 ||   267
       Trident           |       |       |       |       |    21 ||    21
Invok: Ancestor Identity |     1 |       |       |       |       ||     1
       Ancestor Life: Ba |       |     1 |       |       |       ||     1
       Recall Ancestor   |       |       |       |     1 |     1 ||     2
       Idealise          |       |       |       |     2 |       ||     2
  Use: Scroll            |       |    11 |     2 |     5 |       ||    18
       Potion            |       |       |       |     2 |       ||     2
 Stab: Distracted        |       |       |     1 |     5 |     2 ||     8
Armor: Scale mail        |    29 |    16 |    32 |     6 |       ||    83
       Plate armour      |       |       |       |   227 |    19 ||   246
Dodge: Dodged            |    33 |    19 |    35 |   137 |    22 ||   246
Block: Buckler           |    23 |     6 |    14 |    56 |       ||    99
       Kite shield       |       |       |       |   104 |    24 ||   128
